 Dungeon Crawl Stone Soup version 0.16.2-2-g470672f (webtiles) character file.

567 monobi the Sneak (level 7, -1/46 HPs)
             Began as an Octopode Monk on Sept 4, 2015.
             Slain by Loris' ghost (14 damage)
             ... on level 5 of the Dungeon.
             The game lasted 00:11:00 (3546 turns).

monobi the Sneak (Octopode Monk)                    Turns: 3546, Time: 00:11:00

Health: -1/46      AC:  6    Str: 10    XL:     7   Next: 33%
Magic:  10/10      EV: 13    Int: 12    God:
Gold:   284        SH:  0    Dex: 17    Spells: 0 memorised, 9 levels left

rFire  + + .     SeeInvis .     w - +3 Elemental Staff {rElec rF++ rC++ MR++ AC+5}
rCold  + + .     Clarity  .     (no shield)
rNeg   . . .     SustAb   .     (helmet restricted)
rPois  .         Gourm    .     (no amulet)
rElec  +         Spirit   .     (no ring)
rCorr  .         Warding  .     (no ring)
rMut   .         Stasis   .     (no ring)
MR     ++...                    (no ring)
Stlth  +++++.....               (no ring)
                                (no ring)
                                (no ring)
                                (no ring)

@: very resistant to hostile enchantments, quite stealthy
A: almost no armour, amphibious, 8 rings, constrict 8, camouflage 1, gelatinous
body 1
a: no special abilities


You were on level 5 of the Dungeon.
You were not hungry.

You visited 1 branch of the dungeon, and saw 5 of its levels.

You collected 284 gold pieces.

Inventory:

Hand weapons
 m - a -2 short sword
 w - the +3 Elemental Staff (weapon) {rElec rF++ rC++ MR++ AC+5}
   (You found it on level 4 of the Dungeon)

   It affects your AC (+5).
   It greatly protects you from fire.
   It greatly protects you from cold.
   It insulates you from electricity.
   It affects your resistance to hostile enchantments.
Scrolls
 d - a scroll of recharging
 e - a scroll of amnesia
 g - a scroll of magic mapping
 j - 2 scrolls of identify
 k - a scroll of enchant armour
 o - a scroll of fear
 r - a scroll of blinking
Potions
 h - 2 potions of curing {unknown}
 i - a potion of haste {unknown}
 l - a potion of brilliance {unknown}
 p - a potion of heal wounds {unknown}
 t - a potion of poison {unknown}
 u - 3 potions of resistance {unknown}
 v - 2 potions of restore abilities {unknown}
 x - a potion of magic {unknown}
Books
 q - a book of Flames

   Spells                             Type                      Level
   a - Flame Tongue                   Conjuration/Fire             1
   b - Throw Flame                    Conjuration/Fire             2
   c - Conjure Flame                  Conjuration/Fire             3
   d - Inner Flame                    Hexes/Fire                   3
   e - Sticky Flame                   Conjuration/Fire             4
   f - Fireball                       Conjuration/Fire             5
Comestibles
 a - 2 slices of pizza
 b - 4 bread rations
 c - a meat ration
 f - 4 fruits
 z - a chunk of flesh


   Skills:
 - Level 3.0 Fighting
 * Level 2.6 Staves
 - Level 3.0 Dodging
 * Level 6.2 Stealth
 * Level 5.8 Unarmed Combat
 + Level 1.5 Spellcasting
   Level 2.0 Conjurations
   Level 2.0 Fire Magic


You had 9 spell levels left.
You didn't know any spells.

Dungeon Overview and Level Annotations

Branches:
Dungeon (5/15)
 Temple: D:4-7

Altars:
Ashenzari
Ru
Trog
Xom

Annotations:
D:5 Loris' ghost, average TrMo


Innate Abilities, Weirdness & Mutations

You cannot wear most types of armour.
You are amphibious.
You can wear up to eight rings at the same time.
You can use your tentacles to constrict many enemies at once.
Your skin changes colour to match your surroundings (Stealth).
Your rubbery body absorbs attacks (AC +1).


Message History

Loris' ghost is moderately damaged.
Loris' ghost hits you.
You closely miss Loris' ghost. Your squeeze misses Loris' ghost.
Loris' ghost is moderately damaged.
Loris' ghost hits you.
You hit Loris' ghost. You squeeze Loris' ghost!
Loris' ghost is heavily damaged.
Loris' ghost hits you.
You barely miss Loris' ghost.
Loris' ghost is heavily damaged.
Loris' ghost hits you!
* * * LOW HITPOINT WARNING * * *
Loris' ghost misses you.
You hit Loris' ghost. Your squeeze misses Loris' ghost.
Loris' ghost is heavily damaged.
Loris' ghost barely misses you.
You hit Loris' ghost but do no damage.
Loris' ghost is heavily damaged.
Loris' ghost hits you!
You die...

#.# #.##..# #.# # #.#
#.##..##.# ##
#.##.#####.......###.#
#......W.......##.#.##
####.########.####....
#.# #.# #.... #.# #W#
##.##
#W########.#####.#
#.@...........##.##
##########.........
#....##... #.#####...
#.......## #########


You could see Loris' ghost.

Vanquished Creatures
  The ghost of monobi the Sneak, an average OpMo (D:4)
  An ogre (D:4)
  A scorpion (D:3)
  2 hounds (D:4)
  A centaur skeleton (D:4)
  2 worker ants (D:4)
  4 adders (D:4)
  A giant mite (D:4)
  A worm (D:3)
  An ooze (D:3)
  7 giant geckos
  3 orcs (D:4)
  2 ball pythons
  2 giant cockroaches (D:4)
  7 goblins
  4 hobgoblins
  8 kobolds
  6 bats
  3 giant newts
  A quokka skeleton (D:4)
  10 rats
68 creatures vanquished.

Notes
Turn   | Place    | Note
--------------------------------------------------------------
     0 | D:1      | monobi, the Octopode Monk, began the quest for the Orb.
     0 | D:1      | Reached XP level 1. HP: 16/16 MP: 1/1
   126 | D:1      | Reached XP level 2. HP: 19/21 MP: 2/2
   543 | D:1      | Reached XP level 3. HP: 19/26 MP: 3/3
  1086 | D:2      | Found a sacrificial altar of Ru.
  1284 | D:2      | Learned a level 1 spell: Flame Tongue
  1460 | D:3      | Noticed a scorpion
  1468 | D:3      | Killed a scorpion
  1468 | D:3      | Reached skill level 1 in Conjurations
  1468 | D:3      | Reached XP level 4. HP: 23/31 MP: 4/4
  1518 | D:3      | Found a shimmering altar of Xom.
  1519 | D:3      | Found a bloodstained altar of Trog.
  1664 | D:3      | Found a shattered altar of Ashenzari.
  1782 | D:3      | Reached skill level 1 in Fire Magic
  1893 | D:4      | Reached XP level 5. HP: 26/36 MP: 5/5
  1917 | D:4      | Noticed monobi's ghost (average OpMo)
  1929 | D:4      | Killed monobi's ghost
  1929 | D:4      | Reached skill level 1 in Staves
  1929 | D:4      | Reached skill level 5 in Stealth
  1929 | D:4      | Reached skill level 5 in Unarmed Combat
  1929 | D:4      | Reached skill level 1 in Spellcasting
  1929 | D:4      | Reached XP level 6. HP: 5/42 MP: 5/8
  2450 | D:4      | Noticed an ogre
  2460 | D:4      | Killed an ogre
  2460 | D:4      | Reached XP level 7. HP: 6/46 MP: 8/10
  2916 | D:4      | Reached skill level 6 in Stealth
  3157 | D:5      | Entered Level 5 of the Dungeon
  3169 | D:5      | Noticed Loris' ghost (average TrMo)
  3546 | D:5      | Slain by Loris' ghost

Action                   |  1- 3 |  4- 6 |  7- 9 || total
-------------------------+-------+-------+-------++-------
Melee: Unarmed           |    74 |    17 |       ||    91
       Staff             |       |    48 |    56 ||   104
 Cast: Flame Tongue      |       |     1 |     1 ||     2
  Use: Potion            |       |     1 |       ||     1
       Scroll            |       |       |    11 ||    11
 Stab: Sleeping          |     7 |    10 |     5 ||    22
  Eat: Meat ration       |       |     1 |       ||     1
       Royal jelly       |       |       |     2 ||     2
